 Dungeon Sprint DCSS version 0.19.0-22-gd96e5fe (webtiles) character file.

281 dobroeutro the Unseen (level 6, -5/30 HPs)
             Began as a Spriggan Assassin on Nov 19, 2016.
             Slain by a yak (13 damage)
             ... in the Dungeon (Sprint I: "Red Sonja").
             The game lasted 00:01:18 (350 turns).

dobroeutro the Unseen (Spriggan Assassin)            Turns: 350, Time: 00:01:19

Health: -5/30      AC:  3    Str:  7    XL:     6   Next: 6%
Magic:  7/7        EV: 17    Int: 13    God:
Gold:   297        SH:  0    Dex: 19    Spells: 0 memorised, 5 levels left

rFire  . . .     SeeInvis +     b - +0 blowgun
rCold  . . .     Gourm    .     c - +0 robe
rNeg   . . .     Faith    .     (shield restricted)
rPois  .         Spirit   .     (helmet restricted)
rElec  .         Reflect  .     d - +0 cloak
rCorr  .         Harm     .     (gloves unavailable)
MR     +....     NoTele   +     (boots unavailable)
Stlth  ++++++....               (no amulet)
                                (no ring)
                                (no ring)

@: very quick
A: unfitting armour, see invisible, herbivore 3, speed 3, slow metabolism 2
a: no special abilities


You were in the Dungeon.
You were not hungry.

You visited 1 branch You collected 297 gold pieces.

Inventory:

Hand Weapons
 a - a +2 dagger
 b - a +0 blowgun (weapon)
Missiles
 e - a poisoned needle (quivered)
 f - 2 curare-tipped needles
Armour
 c - a +0 robe (worn)
 d - a +0 cloak (worn)
Scrolls
 m - a scroll of blinking
Potions
 h - a potion of curing
 i - a potion of heal wounds
 j - a potion of haste
 k - 2 potions of magic
 l - a potion of berserk rage
Comestibles
 g - a bread ration


   Skills:
 - Level 1.5 Fighting
 + Level 8.2 Short Blades
 - Level 2.0 Throwing
 - Level 1.5 Dodging
 * Level 15.9 Stealth


You had 5 spell levels left.
You didn't know any spells.

Dungeon Overview and Level Annotations

Branches:
Dungeon (1/1)

Altars:
Cheibriados
Dithmenos
Elyvilon
Fedhas
Gozag
Hepliaklqana
Kikubaaqudgha
Okawaru
Qazlal
Ru
Sif Muna
Trog
Uskayaw
Vehumet
Yredelemnul
Zin
The Shining One

Shops:
D %


Innate Abilities, Weirdness & Mutations

You are very small and have problems with some larger weapons.
You are too small for most types of armour.
You have supernaturally acute eyesight. (SInv)
You are a herbivore.
You cover ground extremely quickly.
You need consume almost no food.


Message History

The yak is severely wounded.
Firing (i - inventory. (,) - cycle):
e - 3 poisoned needles (quivered)
Press: ? - help, Shift-Dir - straight line, f/p - yak
Aim: a yak (severely wounded, poisoned)
You shoot a poisoned needle.
The poisoned needle completely misses the yak.
The yak gores you!
* * * LOW HITPOINT WARNING * * *
There is a fountain of clear blue water here.
You are too injured to fight recklessly!
Firing (i - inventory. (,) - cycle):
e - 2 poisoned needles (quivered)
Press: ? - help, Shift-Dir - straight line, f/p - yak
Aim: a yak (almost dead, poisoned)
You shoot a poisoned needle. The poisoned needle hits the yak.
The yak looks as sick as possible!
The yak is almost dead.
The yak gores you but does no damage.
There is a fountain of clear blue water here.
The yak gores you!
You die...

################
#<(#.)(((#.)(..#
#..(.(#.)'(.#(.+
#.(#####'#####(#
#..# #..#...#.#
#.(#__####..##(#
#Y@#_____##'#..+
#⌠⌠#_.∩...(..._#
####_..__##_.#+#
#____ ##+# ####


You could see a yak.

Vanquished Creatures
  Sigmund (D)
  An ogre (D)
  A jelly (D)
  Ijyb (D)
4 creatures vanquished.

Notes
Turn   | Place    | Note
-------+----------+-------------------------------------------
     0 | D        | dobroeutro the Spriggan Assassin began the quest for the Orb.
     0 | D        | Reached XP level 1. HP: 10/10 MP: 2/2
     1 | D        | Noticed Ijyb
     4 | D        | Killed Ijyb
     4 | D        | Reached skill level 9 in Stealth
     4 | D        | Reached XP level 2. HP: 14/14 MP: 3/3
     6 | D        | Noticed an ogre
     9 | D        | Killed an ogre
     9 | D        | Reached skill level 12 in Stealth
     9 | D        | Reached XP level 3. HP: 18/18 MP: 4/4
     9 | D        | Reached XP level 4. HP: 22/22 MP: 5/5
    18 | D        | Noticed Sigmund
    21 | D        | Killed Sigmund
    21 | D        | Reached skill level 15 in Stealth
    21 | D        | Reached XP level 5. HP: 25/25 MP: 6/6
    33 | D        | Found a deep blue altar of Sif Muna.
    35 | D        | Found a radiant altar of Vehumet.
    54 | D        | Reached XP level 6. HP: 7/30 MP: 7/7
   306 | D        | Found Syadghiom's Food Emporium.
   306 | D        | Found an ancient bone altar of Kikubaaqudgha.
   306 | D        | Found a hazy altar of Hepliaklqana.
   306 | D        | Found a hide-covered altar of Uskayaw.
   306 | D        | Found a basalt altar of Yredelemnul.
   306 | D        | Found an opulent altar of Gozag.
   306 | D        | Found a snail-covered altar of Cheibriados.
   306 | D        | Found a sacrificial altar of Ru.
   306 | D        | Found a shadowy altar of Dithmenos.
   306 | D        | Noticed a yak
   307 | D        | Found a stormy altar of Qazlal.
   307 | D        | Found a blossoming altar of Fedhas.
   307 | D        | Found a bloodstained altar of Trog.
   307 | D        | Found an iron altar of Okawaru.
   307 | D        | Found a glowing golden altar of the Shining One.
   307 | D        | Found a glowing silver altar of Zin.
   307 | D        | Found a white marble altar of Elyvilon.
   350 | D        | Slain by a yak

Skill      XL: |  1  2  3  4 |
---------------+-------------+-----
Short Blades   | 4 6 8 |  8.2
Stealth        | 9 12 15 | 15.9
Fighting       | |  1.5
Throwing       | |  2.0
Dodging        | |  1.5

Action                   |  1- 3 |  4- 6 || total
-------------------------+-------+-------++-------
Melee: Dagger            |     2 |     7 ||     9
 Fire: Blowgun           |       |    19 ||    19
 Stab: Sleeping          |     2 |     1 ||     3
Armor: Robe              |       |     1 ||     1
Dodge: Dodged            |       |     6 ||     6
